Map: Oxide LE

Players

JonSnow

  • Race: Zerg Zerg
  • League: Master

MaSa - Winner!

  • Race: Terran Terran

Event: DreamHack SC2 Masters 2021 Summer

VOD

Have the link to the VOD?

Description

Time

  • Played on: May 26, 2021, 5:31 p.m.
  • Length: 15:47

All games in this series

Show
View Real Time Build Order
Export as new Build Order

JonSnow Zerg 

Build Orders: Hatch First 

Get SALT Encoding   

  12  0:01  Drone  
  13  0:12  Overlord  
  13  0:17  Drone  
  14  0:31  Drone x2  
  16  0:48  Hatchery  
  15  0:53  Drone  
  16  0:57  Drone  
  16  0:59  Drone  
  18  1:07  Extractor  
  18  1:10  Drone  
  18  1:17  Spawning Pool  
  17  1:21  Drone  
  18  1:28  Drone  
  19  1:39  Drone  
  20  1:53  Overlord  
  20  2:03  Queen x2  
  20  2:04  Zergling x4  
  26  2:09  Metabolic Boost  
  26  2:12  Drone, Zergling x2  
  28  2:22  Drone x2  
  30  2:32  Drone  
  30  2:33  Drone  
  32  2:39  Queen  
  32  2:41  Queen  
  36  2:49  Overlord  
  35  3:00  Drone x3  
  36  3:07  Overlord  
  36  3:11  Zergling x2  
  36  3:12  Zergling x10  
  42  3:13  Zergling x2  
  42  3:18  Evolution Chamber  
  42  3:21  Drone x2  
  44  3:27  Queen  
  44  3:30  Drone  
  45  3:49  Zerg Ground Armor Level 1  
  45  3:50  Hatchery  
  45  3:52  Drone x2  
  45  3:53  Drone  
  45  3:55  Drone  
  48  3:57  Drone  
  48  4:01  Drone x2  
  51  4:08  Drone  
  52  4:13  Overlord x2  
  52  4:15  Extractor  
  51  4:29  Drone  
  51  4:31  Queen, Lair  
  51  4:34  Drone x6  
  59  4:41  Zergling x8  
  59  4:43  Spine Crawler  
  62  4:49  Baneling Nest  
  61  5:04  Drone x8  
  66  5:14  Zergling x2  
  66  5:16  Overlord  
  66  5:25  Overlord x2  
  66  5:29  Overlord  
  66  5:32  Extractor  
  66  5:33  Centrifical Hooks  
  66  5:34  Queen x2  
  69  5:36  Overseer  
  69  5:39  Spore Crawler  
  69  5:42  Zergling x12  
  74  5:48  Zerg Melee Weapons Level 1  
  74  5:50  Zergling x10  
  79  5:58  Zergling x10  
  81  6:04  Queen  
  81  6:06  Drone x3  
  81  6:08  Drone  
  83  6:15  Spore Crawler x2  
  83  6:17  Baneling x3  
  83  6:18  Baneling  
  79  6:19  Baneling  
  76  6:26  Drone, Baneling x4  
  76  6:27  Drone  
  76  6:29  Drone  
  72  6:44  Zergling x14  
  74  6:53  Drone x2  
  70  6:55  Drone x2  
  70  7:01  Roach Warren  
  71  7:04  Drone, Queen x2  
  71  7:05  Extractor  
  71  7:07  Drone x2  
  77  7:17  Drone x3  
  80  7:24  Overlord  
  80  7:25  Queen  
  82  7:30  Drone x8  
  82  7:35  Spire  
  82  7:36  Drone  
  90  7:40  Glial Reconstitution  
  90  7:43  Extractor x2  
  88  7:44  Drone x3  
  88  7:45  Drone  
  88  7:46  Drone  
  91  7:53  Drone x2  
  91  7:56  Drone x3, Zerg Missile Weapons Level 1  
  91  7:57  Drone  
  91  7:58  Overlord  
  97  8:01  Overlord  
  97  8:05  Overlord  
  96  8:20  Drone x2, Spore Crawler  
  96  8:25  Drone x6  
  96  8:26  Drone  
  98  8:29  Hatchery  
  98  8:33  Overlord  
  96  8:40  Roach x6  
  109  8:46  Roach  
  109  8:47  Baneling x4  
  111  8:56  Overlord x3  
  111  8:57  Overlord  
  111  9:01  Corruptor x2  
  115  9:08  Corruptor  
  115  9:09  Corruptor  
  119  9:13  Overlord x2  
  119  9:15  Drone  
  120  9:20  Corruptor x2  
  124  9:24  Ravager x2  
  126  9:31  Corruptor  
  126  9:32  Corruptor x2  
  126  9:35  Overlord  
  132  9:40  Roach x3  
  131  9:54  Corruptor x3  
  131  9:57  Roach  
  131  9:58  Zergling x2, Roach x3  
  144  10:01  Corruptor  
  139  10:10  Corruptor x2  
  143  10:20  Roach x6  
  155  10:28  Drone  
  155  10:29  Drone x7  
  155  10:34  Extractor  
  162  10:36  Spine Crawler, Spore Crawler  
  162  10:38  Zerg Missile Weapons Level 2  
  162  10:42  Roach  
  162  10:43  Roach  
  164  10:53  Roach x4  
  164  10:54  Extractor  
  164  10:56  Ravager  
  172  10:57  Overlord  
  172  11:01  Corruptor  
  172  11:02  Corruptor  
  176  11:08  Roach x3  
  181  11:24  Zergling x6  
  181  11:25  Zergling x2  
  184  11:26  Overlord x2  
  184  11:30  Ravager x7  
  189  11:33  Zergling x4  
  186  11:42  Overlord x2  
  186  11:48  Overlord  
  186  11:49  Zergling x10  
  173  12:04  Corruptor x2  
  173  12:07  Zergling x32  
  191  12:14  Ravager  
  191  12:15  Baneling x5  
  192  12:16  Ravager x2  
  192  12:17  Ravager x3  
  192  12:19  Zergling x4  
  199  12:23  Overlord  
  186  12:39  Zergling x2, Roach x6  
  186  12:40  Roach x2  
  192  12:46  Hatchery  
  192  12:48  Roach x3  
  160  13:03  Roach x4  
  159  13:12  Corruptor x4  
  152  13:19  Roach x3  
  147  13:21  Ravager x4  
  147  13:22  Ravager x5  
  147  13:25  Zergling x10  
  161  13:30  Zergling x2  
  161  13:39  Zergling x6  
  150  13:46  Zergling x8  
  146  13:52  Zergling x8  
  148  14:00  Zergling x6  
  145  14:11  Corruptor x3  
  149  14:18  Roach  
  149  14:19  Roach x4  
  148  14:29  Roach  
  148  14:30  Roach x3  
  144  14:42  Roach x6  
  156  14:49  Roach  
  156  14:50  Roach x5  
  156  14:51  Baneling x3  
  168  14:54  Roach  
  168  14:59  Drone x3  
  171  15:01  Hatchery  
  171  15:04  Drone  
  167  15:08  Overlord  
  163  15:18  Roach x5  
  140  15:29  Drone  
  140  15:30  Drone x3  
Show
View Real Time Build Order
Export as new Build Order

MaSa Terran - Winner!

Build Orders: Hellion Opening, Mech 

Get SALT Encoding   

  12  0:00  SCV  
  13  0:12  SCV  
  14  0:17  Supply Depot  
  14  0:24  SCV  
  15  0:38  SCV  
  15  0:39  Barracks  
  16  0:43  Refinery  
  16  0:50  SCV  
  17  1:02  SCV  
  18  1:15  SCV  
  19  1:25  Barracks Reactor  
  19  1:27  Orbital Command  
  19  1:41  Command Center  
  19  1:49  Supply Depot  
  19  1:52  SCV  
  20  2:01  Marine x2  
  20  2:06  SCV  
  23  2:12  Factory  
  23  2:19  Marine x2  
  25  2:25  SCV  
  25  2:28  Refinery  
  26  2:37  SCV  
  27  2:49  SCV  
  28  2:53  Orbital Command  
  28  3:01  SCV  
  28  3:03  Starport  
  29  3:09  Hellion  
  29  3:10  Hellion  
  33  3:14  SCV  
  34  3:21  SCV  
  35  3:27  Marine  
  35  3:28  SCV  
  35  3:30  Supply Depot  
  35  3:31  Hellion x2  
  35  3:33  SCV  
  42  3:40  SCV, Medivac  
  45  3:47  Bunker  
  45  3:49  SCV  
  45  3:52  Marine  
  45  3:54  Hellion x2  
  51  3:58  Fusion Core  
  51  3:59  SCV  
  52  4:03  SCV  
  53  4:11  Starport Tech Lab, SCV, Supply Depot  
  53  4:13  Barracks Tech Lab  
  54  4:19  Supply Depot  
  54  4:23  Supply Depot  
  54  4:32  SCV x2  
  56  4:44  SCV x2  
  56  4:45  Marine  
  59  4:46  Battlecruiser  
  65  4:57  SCV x2  
  55  5:07  Command Center  
  55  5:09  SCV, Hellion x2  
  60  5:15  SCV  
  60  5:18  Refinery x2  
  60  5:21  SCV, Factory  
  62  5:23  Factory  
  62  5:27  SCV  
  63  5:30  Hellion x2  
  63  5:33  SCV  
  63  5:34  Engineering Bay  
  68  5:38  Supply Depot  
  68  5:39  SCV  
  69  5:45  SCV  
  70  5:51  Barracks Tech Lab, SCV  
  70  5:57  SCV, Hellion x2  
  74  6:04  SCV  
  70  6:06  Weapon Refit  
  70  6:09  SCV  
  71  6:17  Battlecruiser  
  71  6:18  SCV  
  78  6:21  SCV  
  78  6:25  Hellion x2  
  84  6:29  Siege Tank  
  84  6:32  SCV  
  87  6:33  SCV  
  87  6:37  Hellion  
  79  6:44  SCV  
  79  6:47  Hellion x2  
  81  6:51  SCV  
  76  6:56  Supply Depot x2  
  76  6:58  SCV, Siege Tank  
  80  7:03  SCV, Armory  
  80  7:08  Hellion  
  83  7:10  SCV, Hellion  
  83  7:12  Siege Tank  
  83  7:15  SCV  
  90  7:17  Refinery  
  90  7:18  Orbital Command  
  90  7:23  SCV  
  90  7:25  Refinery  
  90  7:27  SCV  
  92  7:35  SCV  
  92  7:36  Battlecruiser  
  99  7:37  Hellion  
  99  7:41  SCV  
  102  7:48  SCV  
  103  7:52  SCV  
  103  7:57  SCV, Command Center, Missile Turret  
  105  8:01  Siege Tank  
  105  8:05  Mag-Field Accelerator  
  108  8:07  SCV  
  108  8:11  Terran Vehicle And Ship Armor Level 1  
  109  8:13  Hellion  
  109  8:14  SCV  
  109  8:15  SCV  
  109  8:19  SCV  
  114  8:27  SCV  
  115  8:28  SCV  
  115  8:34  Factory  
  116  8:35  Factory  
  116  8:40  Hellion, Supply Depot, Siege Tank  
  121  8:45  SCV  
  121  8:46  Missile Turret  
  122  8:49  Missile Turret  
  122  8:52  SCV  
  122  8:54  SCV  
  124  8:58  Infernal Pre-Igniter  
  124  9:02  Hellion  
  126  9:05  Battlecruiser  
  126  9:08  Hellion  
  134  9:11  Siege Tank  
  137  9:18  Supply Depot x2  
  137  9:19  SCV  
  137  9:21  Factory Reactor  
  137  9:22  Factory Tech Lab  
  137  9:23  SCV  
  139  9:25  Supply Depot  
  139  9:31  Cyclone  
  139  9:32  Hellion  
  139  9:33  SCV  
  145  9:39  Hellion  
  145  9:40  SCV  
  145  9:41  Supply Depot  
  145  9:44  Hellion  
  145  9:45  Planetary Fortress  
  146  9:53  Siege Tank  
  146  9:54  SCV x2  
  146  9:55  SCV  
  146  9:57  Supply Depot  
  150  10:09  Terran Vehicle And Ship Armor Level 2  
  150  10:10  SCV x2  
  150  10:11  Missile Turret  
  150  10:12  Refinery  
  150  10:13  Refinery  
  154  10:18  SCV  
  155  10:22  SCV  
  155  10:27  Missile Turret  
  154  10:28  Cyclone x2  
  154  10:29  Cyclone  
  154  10:34  SCV  
  166  10:39  Armory  
  164  10:50  Hellion x4  
  172  10:59  Factory  
  172  11:00  Cyclone, Factory  
  172  11:02  Factory  
  175  11:16  Hellion, Siege Tank x2  
  175  11:17  Hellion x2  
  177  11:30  Hellion  
  179  11:33  Siege Tank  
  179  11:38  Hellion x3  
  181  11:46  Factory Tech Lab, Factory Reactor  
  181  11:47  Factory Tech Lab  
  181  11:48  Siege Tank x2  
  181  11:51  Command Center  
  185  11:55  Command Center  
  185  11:59  Hellion x2  
  180  12:05  Siege Tank  
  180  12:11  Hellion, Siege Tank  
  185  12:17  Smart Servos, Terran Vehicle Weapons Level 1  
  185  12:20  Siege Tank  
  185  12:21  Supply Depot  
  185  12:22  Supply Depot  
  188  12:32  Hellion  
  188  12:34  Hellion x2, Siege Tank x2  
  188  12:37  Siege Tank  
  188  12:40  Hellion  
  188  12:41  Hellion  
  188  12:43  Siege Tank  
  159  12:52  Siege Tank  
  159  12:53  Hellion  
  159  12:54  Hellion  
  145  13:06  Cyclone  
  145  13:07  Cyclone  
  145  13:09  Cyclone, Hellion x2  
  149  13:15  Cyclone  
  149  13:17  SCV  
  153  13:23  Refinery  
  153  13:24  Siege Tank  
  156  13:27  Battlecruiser  
  162  13:38  Hellion x2  
  162  13:39  Siege Tank x2  
  169  13:43  Hellion x2  
  169  13:47  Hellion x2  
  162  13:55  Hellion  
  162  13:56  Hellion x2  
  162  13:59  SCV x3  
  162  14:00  Orbital Command  
  161  14:04  Hellion  
  163  14:10  Hellion x2  
  163  14:11  Hellion  
  163  14:15  Sensor Tower  
  166  14:18  Hellion  
  165  14:27  Hellion, Siege Tank  
  167  14:33  SCV, Hellion x2  
  170  14:43  Siege Tank  
  170  14:44  Siege Tank x2  
  177  14:58  Refinery  
  177  15:00  Cyclone x2, Hellion  
  177  15:01  Refinery  
  177  15:17  Hellion x3  
  179  15:22  Hellion x2  
  172  15:29  SCV x2  
Tags
 
Add a new tag
Caveats
  • Supply blocks, unpowered buildings, or Contaminate may cause inaccurate times.
  • Supply counts are checked every 10 seconds.